 Dungeon Crawl Stone Soup version 0.21.1-1-g345015fe64 (webtiles) character file.

25308 Bapho the Destroyer (level 13, -7/103 HPs)
             Began as a Human Fire Elementalist on June 17, 2018.
             Was a High Priest of Vehumet.
             Engulfed by a cloud of freezing vapour (17 damage)
             ... in an ice cave.
             The game lasted 01:03:25 (22255 turns).

Bapho the Destroyer (Human Fire Elementalist)      Turns: 22255, Time: 01:03:25

Health: -7/103     AC:  8    Str:  8    XL:     13   Next: 49%
Magic:  23/23      EV: 27    Int: 25    God:    Vehumet [*****.]
Gold:   1105       SH:  0    Dex: 13    Spells: 7/26 levels left

rFire    . . .     SeeInvis .   N - +0 quarterstaff
rCold    . . .     Gourm    .   (shield currently unavailable)
rNeg     . . .     Faith    .   U - +0 steam dragon scales
rPois    .         Spirit   .   F - +0 helmet of Toatrics {Int+3}
rElec    .         Reflect  .   O - +1 cloak
rCorr    .         Harm     .   (no gloves)
MR       .....                  R - -2 pair of boots (curse)
Stlth    ++........             (no amulet)
HPRegen  0.27/turn              h - +6 ring of evasion
MPRegen  0.18/turn              u - +5 ring of evasion

@: no status effects
A: no striking features
a: Renounce Religion


You were in an ice cave.
You worshipped Vehumet.
Vehumet was extremely pleased with you.
You were very hungry.

You visited 2 branches of the dungeon, and saw 16 of its levels.
You also visited: Ossuary and Ice Cave.

You collected 1160 gold pieces.
You spent 55 gold pieces at shops.

Inventory:

Hand Weapons
 p - a +4 flail of protection
 N - a +0 quarterstaff (weapon)
Missiles
 i - 447 stones (quivered)
Armour
 a - a +0 robe
 F - the +0 helmet of Toatrics (worn) {Int+3}
   (You found it on level 6 of the Dungeon)

   It affects your intelligence (+3).
 O - a +1 cloak (worn)
 R - a cursed -2 pair of boots (worn)
 U - +0 steam dragon scales (worn)
Magical Staves
 M - an uncursed staff of air
Jewellery
 h - a +6 ring of evasion (left hand)
 k - an uncursed ring of protection from magic
 u - a +5 ring of evasion (right hand)
 D - an uncursed ring of protection from magic
 K - an uncursed ring of poison resistance
 S - a +3 ring of slaying
 X - the ring "Ipnys" {Int+2 Dex+5}
   (You found it on level 10 of the Dungeon)

   [ring of dexterity]

   It affects your intelligence (+2).
   It affects your dexterity (+5).
Wands
 f - a wand of iceblast (12)
 l - a wand of paralysis (46)
 H - a wand of flame (31)
 J - a wand of random effects (19)
 W - a wand of acid (5)
Scrolls
 m - 9 scrolls of remove curse
 n - a scroll of blinking
 q - 3 scrolls of enchant armour
 t - a scroll of identify
 x - 2 scrolls of amnesia
 A - a scroll of magic mapping
 C - 2 scrolls of fear
 E - a scroll of noise
 G - 3 scrolls of fog {unknown}
 I - 2 scrolls of teleportation
 Y - a scroll of enchant weapon
 Z - a scroll of torment
Potions
 d - 3 potions of agility
 e - 8 potions of curing
 g - 4 potions of brilliance
 j - a potion of ambrosia
 o - 3 potions of haste
 r - 4 potions of might
 s - a potion of resistance
 v - a potion of magic
 w - 3 potions of cancellation
 z - a potion of invisibility
 B - a potion of degeneration
 P - a potion of flight
 Q - a potion of mutation
Books
 b - a book of Flames

   Spells                             Type                      Level
   a - Flame Tongue                   Conjuration/Fire             1
   b - Throw Flame                    Conjuration/Fire             2
   c - Conjure Flame                  Conjuration/Fire             3
   d - Inner Flame                    Hexes/Fire                   3
   e - Sticky Flame                   Conjuration/Fire             4
   f - Fireball                       Conjuration/Fire             5
 y - a book of Cantrips

   Spells                             Type                      Level
   a - Confusing Touch                Hexes                        1
   b - Animate Skeleton               Necromancy                   1
   c - Summon Small Mammal            Summoning                    1
   d - Apportation                    Translocation                1
 L - a book of Callings

   Spells                             Type                      Level
   a - Summon Small Mammal            Summoning                    1
   b - Call Imp                       Summoning                    2
   c - Call Canine Familiar           Summoning                    3
   d - Summon Guardian Golem          Hexes/Summoning              3
   e - Summon Lightning Spire         Summoning/Air                4
   f - Summon Ice Beast               Ice/Summoning                4
 T - a book of Frost

   Spells                             Type                      Level
   a - Freeze                         Ice                          1
   b - Throw Frost                    Conjuration/Ice              2
   c - Ozocubu's Armour               Charms/Ice                   3
   d - Throw Icicle                   Conjuration/Ice              4
   e - Summon Ice Beast               Ice/Summoning                4
Comestibles
 c - 13 rations


   Skills:
 - Level 9.9 Fighting
 - Level 6.6 Staves
 - Level 3.1 Armour
 - Level 7.8 Dodging
 - Level 2.0 Stealth
 + Level 7.1 Spellcasting
 - Level 10.5 Conjurations
 * Level 9.7 Fire Magic
 - Level 5.3 Ice Magic


You had 7 spell levels left.
You knew the following spells:

 Your Spells              Type           Power        Failure   Level  Hunger
a - Flame Tongue          Conj/Fire      #####        1%          1    None
b - Throw Flame           Conj/Fire      ######       1%          2    None
c - Conjure Flame         Conj/Fire      ######..     1%          3    None
d - Sticky Flame          Conj/Fire      ######..     1%          4    ###....
e - Fireball              Conj/Fire      ######....   1%          5    #####..
f - Throw Icicle          Conj/Ice       #####...     1%          4    ###....


Dungeon Overview and Level Annotations

Branches:
Dungeon (12/15)            Temple (0/1) D:5            Lair (4/6) D:10
 Shoals (0/4) Lair:2       Spider (0/4) Lair:4
    Orc: D:9-12

Altars:
Gozag
Nemelex Xobeh
Qazlal
Sif Muna
Vehumet
Yredelemnul
The Shining One

Shops:
D:7 ?

Annotations:
D:10 exclusion: orange crystal statue
D:12 Azrael


Message History

You are engulfed in freezing vapours.
You are engulfed in freezing vapours.
You are feeling hungry.
You start resting.
You are engulfed in freezing vapours.
You start resting.
HP restored.
You are feeling very hungry.
You are engulfed in freezing vapours.
You are engulfed in freezing vapours.
You are engulfed in freezing vapours.
You see here a lightning rod (4/4).
You start resting.
You are engulfed in freezing vapours.
You are engulfed in freezing vapours.
You see here a lightning rod (4/4).
You are engulfed in freezing vapours.
* * * LOW HITPOINT WARNING * * *
You are engulfed in freezing vapours.
You die...

##### #####
###†..## #§§§§##
##......# #§#}##
##...##..#
###§#§####...##÷..#
#§§@####...####..##
##§§§##...####...#
##§§§##..# #....#
#§§###..####..∩#
#§§####..##∩..##
##§§##....#####
##....#.## ########


There were no monsters in sight!

Vanquished Creatures
  Josephine (D:11)
  Harold (Lair:1)
  A hydra (Lair:3)
  A centaur warrior (D:10)
  2 two-headed ogres
  An ugly thing (D:11)
  A manticore (Lair:2)
  2 black mambas
  5 gargoyles
  3 spiny frogs (Lair:2)
  2 rime drakes (Lair:4)
  A polar bear (IceCv)
  A merfolk (D:9)
  A hornet (D:11)
  18 blink frogs
  5 hippogriffs
  4 slime creatures
  9 yaks
  5 wraiths
  2 basilisks
  A hungry ghost (D:7)
  A steam dragon (Lair:3)
  The ghost of Tropan the Digger, an amateur DgEE (D:3)
  Edmund (D:4)
  Menkaure (Ossuary)
  3 wargs
  5 water moccasins
  A porcupine (Lair:3)
  7 orc warriors
  3 ice beasts
  2 phantoms
  A sky beast (D:11)
  A necrophage (D:6)
  10 wolves
  An ogre (D:11)
  2 crocodiles
  5 centaurs
  4 big kobolds
  10 bullfrogs
  Blork the orc (D:4)
  7 scorpions
  A wyvern skeleton (D:11)
  9 killer bees
  7 wights
  An electric eel (D:9)
  3 crimson imps
  5 centaur zombies
  A bullfrog zombie (D:11)
  7 orc priests
  A human zombie (Ossuary)
  3 bullfrog skeletons
  2 centaur skeletons
  3 hounds (D:6)
  5 iguanas
  4 jellies
  Crazy Yiuf (D:7)
  Jessica (D:2)
  Terence (D:2)
  8 orc wizards
  7 worker ants
  3 ogre zombies (Ossuary)
  3 hound zombies
  A hound skeleton (D:6)
  A howler monkey zombie (D:11)
  6 mummies (Ossuary)
  10 adders
  3 gnolls (D:4)
  A shadow imp (D:8)
  2 oozes (D:2)
  5 adder zombies
  An adder skeleton (D:8)
  6 worms
  3 dart slugs
  7 leopard geckos
  53 orcs
  4 giant cockroaches
  11 goblins
  13 hobgoblins
  5 jackals
  17 kobolds
  3 quokkas
  2 ball pythons (D:3)
  9 bats
  8 frilled lizards
  A gnoll zombie (Ossuary)
  8 goblin zombies (Ossuary)
  3 hobgoblin zombies (Ossuary)
  A jackal skeleton (D:5)
  3 kobold zombies (Ossuary)
  A leopard gecko skeleton (D:5)
  4 quokka zombies (Ossuary)
  4 rats
  2 rat zombies (Ossuary)
408 creatures vanquished.

Vanquished Creatures (others)
  A wolf (IceCv)
  An orc (D:10)
2 creatures vanquished.

Grand Total: 410 creatures vanquished

Notes
Turn   | Place    | Note
-------+----------+-------------------------------------------
     0 | D:1      | Bapho the Human Fire Elementalist began the quest for the Orb.
     0 | D:1      | Reached XP level 1. HP: 13/13 MP: 3/3
   305 | D:1      | Reached XP level 2. HP: 19/19 MP: 3/5
   606 | D:1      | Learned a level 2 spell: Throw Flame
   661 | D:1      | Found a sparkling altar of Nemelex Xobeh.
  1024 | D:2      | Reached XP level 3. HP: 24/24 MP: 3/6
  1042 | D:2      | Reached skill level 2 in Conjurations
  1380 | D:2      | Found a deep blue altar of Sif Muna.
  1496 | D:2      | Reached XP level 4. HP: 12/30 MP: 0/7
  1560 | D:2      | Noticed Jessica
  1563 | D:2      | Killed Jessica
  1681 | D:2      | Noticed Terence
  1887 | D:1      | Learned a level 3 spell: Conjure Flame
  2392 | D:2      | Killed Terence
  2392 | D:2      | Reached XP level 5. HP: 35/35 MP: 0/9
  2652 | D:2      | Reached skill level 3 in Conjurations
  2956 | D:3      | Noticed Tropan's ghost (amateur DgEE)
  3286 | D:3      | Killed Tropan's ghost
  3286 | D:3      | Reached XP level 6. HP: 20/41 MP: 0/10
  3818 | D:3      | Reached skill level 5 in Fire Magic
  3923 | D:3      | Reached skill level 4 in Conjurations
  4003 | D:3      | Learned a level 4 spell: Sticky Flame
  4149 | D:4      | Reached XP level 7. HP: 45/46 MP: 1/11
  4279 | D:4      | Found a faded altar of an unknown god.
  4279 | D:4      | Found a faded altar of an unknown god.
  4284 | D:4      | Found a stormy altar of Qazlal.
  4286 | D:4      | Found a radiant altar of Vehumet.
  4288 | D:4      | Found a sparkling altar of Nemelex Xobeh.
  4292 | D:4      | Became a worshipper of Vehumet
  4312 | D:4      | Noticed Edmund
  4327 | D:4      | Killed Edmund
  4434 | D:4      | Noticed Blork the orc
  4442 | D:4      | Killed Blork the orc
  4581 | D:4      | Reached skill level 5 in Conjurations
  5483 | D:5      | Entered Level 5 of the Dungeon
  5488 | D:5      | Reached XP level 8. HP: 52/52 MP: 3/13
  5552 | D:5      | Found a glowing golden altar of the Shining One.
  5557 | D:5      | Found a basalt altar of Yredelemnul.
  5678 | D:5      | Found a sand-covered staircase.
  5683 | Ossuary  | Entered an ossuary
  5838 | Ossuary  | Noticed Menkaure
  5853 | Ossuary  | Killed Menkaure
  5982 | Ossuary  | Reached * piety under Vehumet
  5982 | Ossuary  | Offered knowledge of Freeze by Vehumet.
  6112 | Ossuary  | Reached skill level 6 in Conjurations
  6581 | Ossuary  | Learned a level 5 spell: Fireball
  6765 | D:5      | Found a staircase to the Ecumenical Temple.
  7023 | D:6      | Reached XP level 9. HP: 57/57 MP: 0/15
  7530 | D:6      | Reached skill level 7 in Conjurations
  8002 | D:6      | Got a distressingly furry helmet
  8013 | D:6      | Identified the +0 helmet of Toatrics {Int+3} (You found it on level 6 of the Dungeon)
  8135 | D:7      | Found Jisor's Magic Scroll Boutique.
  8138 | D:7      | Bought a scroll of identify for 22 gold pieces
  8138 | D:7      | Bought a scroll of teleportation for 33 gold pieces
  8151 | D:7      | Reached ** piety under Vehumet
  8151 | D:7      | Offered knowledge of Sandblast by Vehumet.
  8155 | D:7      | Reached skill level 5 in Spellcasting
  9142 | D:6      | Reached skill level 1 in Fighting
  9341 | D:7      | Paralysed by an orc warrior for 4 turns
  9352 | D:7      | Offered knowledge of Ignite Poison by Vehumet.
  9514 | D:7      | Reached XP level 10. HP: 68/68 MP: 14/18
  9718 | D:7      | Found a runed door.
  9722 | D:7      | Noticed Crazy Yiuf
  9724 | D:7      | Killed Crazy Yiuf
 10117 | D:8      | Noticed a two-headed ogre
 10122 | D:8      | Killed a two-headed ogre
 10122 | D:8      | Reached skill level 5 in Fighting
 10708 | D:9      | Reached *** piety under Vehumet
 10878 | D:9      | Learned a level 4 spell: Throw Icicle
 11324 | D:9      | Noticed a gargoyle
 11329 | D:9      | Killed a gargoyle
 11329 | D:9      | Reached skill level 5 in Dodging
 11403 | D:9      | Noticed a gargoyle
 11408 | D:9      | Killed a gargoyle
 11502 | D:9      | Noticed a gargoyle
 11514 | D:9      | Killed a gargoyle
 11690 | D:9      | Noticed a gargoyle
 11696 | D:9      | Killed a gargoyle
 11696 | D:9      | Reached XP level 11. HP: 54/85 MP: 8/19
 11893 | D:9      | Offered knowledge of Stone Arrow by Vehumet.
 12545 | D:10     | Entered Level 10 of the Dungeon
 12549 | D:10     | Reached **** piety under Vehumet
 12556 | D:9      | Reached skill level 1 in Staves
 12665 | D:10     | Offered knowledge of Iskenderun's Mystic Blast by Vehumet.
 12695 | D:10     | Found a staircase to the Lair.
 12886 | D:10     | Noticed an orange crystal statue
 13345 | D:10     | Got a warped lapis lazuli ring
 13358 | D:10     | Noticed a centaur warrior
 13581 | D:10     | Identified the ring "Ipnys" {Int+2 Dex+5} (You found it on level 10 of the Dungeon)
 13665 | D:10     | Killed a centaur warrior
 14299 | D:11     | Noticed Josephine
 14310 | D:11     | Killed Josephine
 14403 | D:9      | Reached skill level 5 in Staves
 14952 | D:11     | Found an opulent altar of Gozag.
 15008 | D:11     | Noticed a green ugly thing
 15017 | D:11     | Killed a green ugly thing
 15211 | D:11     | Noticed a two-headed ogre
 15217 | D:11     | Killed a two-headed ogre
 15217 | D:11     | Reached XP level 12. HP: 96/96 MP: 14/20
 16852 | D:12     | Noticed Azrael
 16915 | Lair:1   | Entered Level 1 of the Lair of Beasts
 17039 | Lair:1   | Reached skill level 8 in Conjurations
 17468 | Lair:1   | Noticed Harold
 17486 | Lair:1   | Killed Harold
 18380 | Lair:2   | Found a staircase to the Shoals.
 18864 | Lair:2   | Reached skill level 9 in Conjurations
 19240 | Lair:2   | Reached skill level 1 in Ice Magic
 19533 | Lair:3   | Noticed an eight-headed hydra
 19540 | Lair:3   | Killed an eight-headed hydra
 19540 | Lair:3   | Reached XP level 13. HP: 81/103 MP: 7/22
 20361 | Lair:3   | Reached skill level 10 in Conjurations
 20854 | Lair:4   | Found a hole to the Spider Nest.
 20926 | Lair:3   | Reached ***** piety under Vehumet
 20983 | Lair:3   | Offered knowledge of Iron Shot by Vehumet.
 21379 | Lair:4   | Reached skill level 5 in Ice Magic
 21473 | Lair:4   | Found a frozen archway.
 21480 | IceCv    | Entered an ice cave
 22255 | IceCv    | Engulfed by a cloud of freezing vapour

Skill      XL: |  1  2  3  4  5  6  7  8  9 10 11 12 13 |
---------------+----------------------------------------+-----
Conjurations   | 2 3 4 5 6 7 9 10 | 10.5
Fire Magic     | 4 5 6 7 8 9 |  9.7
Spellcasting   | 3 4 5 6 7 |  7.1
Fighting       | 2 7 9 |  9.9
Dodging        | 5 7 |  7.8
Staves         | 6 |  6.6
Armour         | 3 |  3.1
Ice Magic      | 2 5 |  5.3
Stealth        | |  2.0

Action                   |  1- 3 |  4- 6 |  7- 9 | 10-12 | 13-15 || total
-------------------------+-------+-------+-------+-------+-------++-------
Melee: Hand axe          |    19 |       |       |       |       ||    19
       Flail             |     7 |    36 |    86 |    76 |       ||   205
       Quarterstaff      |       |       |       |   247 |    82 ||   329
Throw: Stone             |       |     1 |       |    10 |       ||    11
 Cast: Flame Tongue      |    36 |    65 |   206 |   337 |    81 ||   725
       Throw Flame       |    10 |    35 |    49 |    36 |     3 ||   133
       Conjure Flame     |       |     2 |       |     6 |       ||     8
       Sticky Flame      |       |       |    18 |    58 |    40 ||   116
       Fireball          |       |       |     7 |    35 |     4 ||    46
       Throw Icicle      |       |       |       |    19 |       ||    19
  Use: Scroll            |       |     6 |     5 |    12 |     6 ||    29
       Potion            |       |       |     2 |       |     1 ||     3
  Eat: Chunk             |     3 |    10 |    13 |    26 |    12 ||    64
       Ration            |       |       |     3 |     7 |       ||    10
Armor: Robe              |     8 |    25 |    17 |    27 |       ||    77
       Steam dragon scal |       |       |       |       |    28 ||    28
Dodge: Dodged            |    25 |    69 |   213 |   627 |   313 ||  1247
